 Dungeon Crawl Stone Soup version 0.29-a0-994-gc5c9f59d18 (webtiles) character file.

Game seed: 10905041205973106731

30 IdlyInterested the Magician (level 3, -2/26 HPs)
             Began as a Demonspawn Wanderer on Aug 3, 2022.
             Slain by an endoplasm (3 damage)
             ... on level 2 of the Dungeon.
             The game lasted 00:03:09 (1682 turns).

IdlyInterested the Magician (Demonspawn Wanderer)   Turns: 1682, Time: 00:03:09

Health: -2/26      AC:  5    Str: 15    XL:     3   Next: 3%
Magic:  9/9        EV: 10    Int: 15    God:
Gold:   22         SH:  4    Dex:  9    Spells: 11/12 levels left

rFire   . . .      SeeInvis .   a - +2 mace
rCold   . . .      Faith    .   (no shield)
rNeg    . . .      Spirit   .   b - +0 ring mail
rPois   .          Reflect  .   (no helmet)
rElec   .          Harm     .   (no cloak)
rCorr   .          Rampage  .   (no gloves)
Will    .....                   (no boots)
Stlth   +.........              (no amulet)
HPRegen 0.08/turn               (no ring)
MPRegen 0.11/turn               (no ring)

@: no status effects
A: large bone plates 1, weakness stinger 1
a: no special abilities


You were on level 2 of the Dungeon.
You visited 1 branch of the dungeon, and saw 2 of its levels.

You collected 22 gold pieces.

Inventory:

Hand Weapons
 a - a +2 mace (weapon)
Armour
 b - a +0 ring mail (worn)
Scrolls
 c - a scroll of teleportation
 e - a scroll of identify {unknown}
 f - a scroll of vulnerability {unknown}
 h - a scroll of torment {unknown}
 j - a scroll of fear {unknown}
Potions
 d - 2 potions of attraction {unknown}
 g - a potion of haste {unknown}
 i - a potion of heal wounds {unknown}


   Skills:
 + Level 1.1 Fighting
 * Level 3.3 Maces & Flails
 - Level 1.0 Armour
 - Level 1.0 Dodging
 + Level 1.1 Stealth
 - Level 5.0 Spellcasting


You had 11 spell levels left.
You knew the following spells:

 Your Spells              Type           Power      Damage    Failure   Level
a - Apportation           Tloc           6%         N/A       32%         1

Your spell library contained the following spells:

 Spells                   Type           Power      Damage    Failure   Level
 Foxfire                  Conj/Fire      12%        2x1d4     32%         1
 Conjure Flame            Conj/Fire      3%         6-21      67%         3
 Gell's Gravitas          Tloc           3%         N/A       67%         3
 Inner Flame              Hex/Fire       3%         N/A       67%         3
 Flame Wave               Conj/Fire      3%         2d5       97%         4


Dungeon Overview and Level Annotations

Branches:
Dungeon (2/15)

Altars:

Shops:
D:1 ([


Innate Abilities, Weirdness & Mutations

You are partially covered in large bone plates. (SH +4)
You have a small tail.


Message History

You feel stronger. x2; Your demonic ancestry asserts itself...
You grow a small tail.
There is a stone staircase leading up here.
A kobold comes into view. It is wielding a +0 short sword.
Found three items.
The kobold shouts!
An endoplasm comes into view.
Found a stone staircase leading down.
The endoplasm quivers.
A goblin comes into view. It is wielding a +0 club.
The goblin shouts!
You see here a scroll labelled ZUPROA KISUMY.
The kobold hits you with a +0 short sword.
You see here a +0 whip.
You barely miss the kobold. You block the kobold's attack.
The endoplasm barely misses you.
The kobold hits you with a +0 short sword.
You barely miss the kobold. The endoplasm completely misses you.
The kobold barely misses you.
You closely miss the kobold. You block the endoplasm's attack.
The kobold hits you with a +0 short sword.
The goblin hits you but does no damage.
You barely miss the kobold. The endoplasm closely misses you.
The kobold hits you but does no damage. The goblin barely misses you.
You hit the kobold.
You kill the kobold!
The endoplasm freezes you.
You are frozen.
* * * LOW HITPOINT WARNING * * *
The goblin hits you with a +0 club.
* * * LOW HITPOINT WARNING * * *
You hit the endoplasm.
The endoplasm is almost dead.
The endoplasm misses you.
The goblin hits you but does no damage. x2
The endoplasm hits you.
* * * LOW HITPOINT WARNING * * *
You hit the endoplasm but do no damage.
The endoplasm is almost dead.
The endoplasm hits you.
You die...

#. ###.....###
#.# ##<...#....
#?? ##....## .##
#.###..#.##. #
#............
#............
#.............
#####.?..........
#....$@..........
#....J)g.####...
#........... ..#
#.#.......###
.........(...
............>.
......###.#####
.....# ..


You could see an endoplasm and a goblin.

Vanquished Creatures
  4 endoplasms (D:1)
  3 giant cockroaches (D:1)
  2 goblins (D:1)
  3 hobgoblins (D:1)
  3 quokkas
  A ball python (D:1)
  A bat (D:1)
  A frilled lizard (D:1)
  7 kobolds
  A rat (D:1)
26 creatures vanquished.

Notes
Turn   | Place    | Note
-------+----------+-------------------------------------------
     0 | D:1      | IdlyInterested the Demonspawn Wanderer began the quest for
                  | the Orb.
     0 | D:1      | IdlyInterested set off with the following items: a +2 mace,
                  | a +0 ring mail, a scroll of teleportation; and the
                  | following spell memorised: Apportation; and the following
                  | spells available to memorise: Gell's Gravitas.
     0 | D:1      | Reached XP level 1. HP: 13/13 MP: 6/6
   312 | D:1      | Gained mutation: You are partially covered in large bone
                  | plates. (SH +4) [demonic ancestry]
   312 | D:1      | Reached XP level 2. HP: 13/20 MP: 8/8
   549 | D:1      | Found Ykkiw's Armour Shop.
   800 | D:1      | Reached skill level 1 in Stealth
   850 | D:1      | Reached skill level 1 in Fighting
  1512 | D:1      | Found Jiatibre's Antique Weapon Emporium.
  1667 | D:2      | Gained mutation: You have a small tail. [demonic ancestry]
  1667 | D:2      | Reached XP level 3. HP: 18/26 MP: 9/9
  1681 | D:2      | HP: 1/26 [endoplasm (2)]
  1682 | D:2      | Slain by an endoplasm

Illustrated notes

Levels and vault maps discovered:
D:1:      scummos_arrival_simple_fountains, layout_basic, serial_shops,
          nicolae_shop_stone, shop, minmay_hexomino_u4
D:2:      layout_rooms, ebering_ecumenical_altar_mist,
          dreamdust_mushroom_princess

Skill      XL: |  1  2 |
---------------+-------+-----
Maces & Flails | 3 |  3.3
Stealth        | 1 |  1.1
Fighting       | 1 |  1.1
Armour         | |  1.0
Dodging        | |  1.0
Spellcasting   | |  5.0

Action                   || total
-------------------------++-------
Melee: Mace              ||    83
Armor: Ring mail         ||    28
Dodge: Dodged            ||    37
Block: Other             ||    11

Table legend: (Time is in decaauts)
 A = Elapsed time spent in this place.
 B = Non-inter-level travel time spent in this place.
 C = Inter-level travel time spent in this place.
 D = Time resting spent in this place.
 E = Time spent auto-exploring this place.
 F = Levels seen in this place.
 G = Mean time per level.
                   A        B        C        D        E       F      G
               +--------+--------+--------+--------+--------+-----+--------+
         Total |   1702 |   1571 |    131 |    368 |    979 |   2 |  851.0 |
       Dungeon |   1702 |   1571 |    131 |    368 |    979 |   2 |  851.0 |
               +--------+--------+--------+--------+--------+-----+--------+

Top non-repeatable levels by time:
     D:1: 1676 daAuts
     D:2: 25 daAuts
